 Dungeon Crawl Stone Soup version 0.30-a0-1157-g2cc9ac7196 (webtiles) character file.

Game seed: 1783893640461027305

25911 Chudface the Convoker (level 12, -2/58 HPs)
             Began as a Felid Summoner on Apr 21, 2023.
             Was the Champion of Sif Muna.
             Slain by a skeletal warrior
             ... wielding a +0 halberd
              (28 damage)
             ... on level 13 of the Dungeon on Apr 24, 2023.
             The game lasted 02:40:07 (20162 turns).

Chudface the Convoker (Felid Summoner)             Turns: 20162, Time: 02:40:08

Health: -2/58      AC:  3    Str:  6    XL:     12   Next: 93%
Magic:  13/25      EV: 28    Int: 22    God:    Sif Muna [******]
Gold:   1301       SH:  0    Dex: 16    Spells: 0/27 levels left
                                        Lives:  0   Deaths: 4

rFire   + . .        (weapon unavailable)
rCold   + . .        (shield unavailable)
rNeg    . . .        (body armour unavailable)
rPois   +            (helmet unavailable)
rElec   .            (cloak unavailable)
rCorr   .            (gloves unavailable)
SInv    +            (boots unavailable)
Will    +....        n - amulet "Qinenun" {RegenMP rPois rF+ Str-4 Stlth+}
Stlth   +++++        N - +6 ring of strength
HPRegen 0.29/turn    o - +5 ring of evasion
MPRegen 0.59/turn

%: no passive effects
@: forested, quick
A: very small, claws 1, fangs 3, see invisible, speed 1, shaggy fur 3, stealthy
paws, no weapons or thrown items, no armour, multi-lived
a: Renounce Religion, Channel Magic, Forget Spell, Divine Exegesis


You were on level 13 of the Dungeon.
You worshipped Sif Muna.
Sif Muna was exalted by your worship.
You visited 4 branches of the dungeon, and saw 22 of its levels.
You also visited: Ossuary and Volcano.

You collected 1949 gold pieces.
You spent 648 gold pieces at shops.

Inventory:

Jewellery
 m - a ring of willpower
 n - the amulet "Qinenun" (around neck) {RegenMP rPois rF+ Str-4 Stlth+}
   (You acquired it on level 13 of the Dungeon)

   [amulet of magic regeneration]

   It increases your rate of magic regeneration.
   Str:       It affects your strength (-4).
   rF:        It protects you from fire.
   rPois:     It protects you from poison.
   Stlth:     It makes you more stealthy.
 o - a +5 ring of evasion (right paw)
 C - a +4 ring of protection
 L - a ring of ice
 N - a +6 ring of strength (left paw)
Wands
 v - a wand of charming (17)
 w - a wand of mindburst (8)
 x - a wand of quicksilver (16)
 A - a wand of polymorph (7)
 K - a wand of iceblast (12)
Scrolls
 b - 3 scrolls of silence
 c - 4 scrolls of blinking
 d - 5 scrolls of teleportation
 f - 4 scrolls of magic mapping
 h - 7 scrolls of vulnerability
 l - 7 scrolls of fog
 r - a scroll of noise
 s - 2 scrolls of amnesia
 t - a scroll of torment
 u - 3 scrolls of immolation
 y - 5 scrolls of poison
 D - 2 scrolls of butterflies
 M - 2 scrolls of fear
Potions
 a - 7 potions of magic
 e - 4 potions of flight
 g - 4 potions of curing
 i - a potion of resistance
 j - 5 potions of brilliance
 p - 7 potions of attraction
 q - 4 potions of might
 z - 2 potions of lignification {unknown}
 E - 4 potions of mutation
 F - 2 potions of invisibility
 G - 3 potions of heal wounds
 I - a potion of cancellation {unknown}
 J - 2 potions of haste
 P - a potion of berserk rage {unknown}
Miscellaneous
 B - a phantom mirror


   Skills:
 - Level 10.0 Fighting
 + Level 9.9 Dodging
 - Level 10.0 Stealth
 - Level 8.0 Spellcasting
 - Level 13.1 Hexes
 - Level 15.0 Summonings
 - Level 11.0 Translocations
 - Level 10.0 Invocations
 - Level 5.0 Evocations


You couldn't memorise any spells.
You knew the following spells:

 Your Spells              Type           Power      Damage    Failure   Level
a - Summon Small Mammal   Summ           100%       N/A       0%          1
b - Call Imp              Summ           100%       N/A       1%          2
c - Call Canine Familiar  Summ           66%        N/A       1%          3
d - Summon Guardian Gole  Hex/Summ       63%        N/A       1%          3
e - Summon Mana Viper     Hex/Summ       63%        N/A       1%          5
f - Summon Forest         Summ/Tloc      30%        N/A       1%          5
g - Summon Cactus Giant   Summ           33%        N/A       2%          6
h - Blink                 Tloc           100%       N/A       1%          2

Your spell library contained the following spells:

 Spells                   Type           Power      Damage    Failure   Level
 Slow                     Hex            100%       N/A       1%          1
 Gell's Gravitas          Tloc           55%        N/A       1%          3
 Inner Flame              Hex/Fire       37%        N/A       1%          3
 Tukima's Dance           Hex            61%        N/A       1%          3
 Cause Fear               Hex            30%        N/A       1%          4
 Vhi's Electric Charge    Tloc/Air       66%        N/A       2%          3
 Summon Lightning Spire   Summ/Air       41%        N/A       3%          4
 Anguish                  Hex/Necr       18%        N/A       4%          4
 Kiss of Death            Conj/Necr      32%        2d7       8%          1
 Sandblast                Erth           16%        2d6       8%          1
 Shock                    Conj/Air       32%        1d5       8%          1
 Passwall                 Tmut/Erth      6%         N/A       11%         2
 Metabolic Englaciation   Hex/Ice        18%        N/A       14%         5
 Silence                  Hex/Air        18%        N/A       14%         5
 Yara's Violent Unravell  Hex/Tmut       18%        3d9       14%         5
 Ozocubu's Armour         Ice            8%         N/A       22%         3
 Stone Arrow              Conj/Erth      16%        3d8       22%         3
 Arcjolt                  Conj/Air       4%         1d14      90%         5
 Blade Hands              Tmut           4%         N/A       90%         5
 Simulacrum               Ice/Necr       4%         N/A       100%        6
 Lehudib's Crystal Spear  Conj/Erth      4%         10d3      100%        8
 Maxwell's Capacitive Co  Air            4%         ∞         100%        8
 Shatter                  Erth           4%         3d7*      100%        9
 Portal Projectile        Hex/Tloc       Unusable   N/A       N/A         3
 Animate Armour           Summ/Erth      Unusable   N/A       N/A         4

Dungeon Overview and Level Annotations

Branches:
Dungeon (14/15)            Temple (1/1) D:7            Lair (5/5) D:10
 Shoals (0/4) Lair:3       Spider (0/4) Lair:3        Slime (0/5) Lair:4
    Orc (2/2) D:11            Elf (0/3) Orc:2       Ossuary (visited)
Volcano (visited)
 Vaults: D:13-14

Altars:
Ashenzari
Dithmenos
Elyvilon
Fedhas
Gozag
Hepliaklqana
Kikubaaqudgha
Makhleb
Nemelex Xobeh
Sif Muna
Uskayaw
Vehumet
Wu Jian
Zin
Jiyva

Shops:
D:2 (   Orc:2 *[

Annotations:
D:9 2 transporters, jimonade's ghost, novice BaBr
Lair:3 exclusion: upstairs
Lair:4 exclusion: 2 downstairs


Innate Abilities, Weirdness & Mutations

You have sharp claws.
You have razor-sharp teeth.
You have supernaturally acute eyesight. (SInv)
You cover ground quickly. (Speed+)
Your thick and shaggy fur keeps you warm. (AC +3, rC+)
Your paws help you pounce on unaware monsters.
You are incapable of wielding weapons or throwing items.
You cannot wear armour.
You gain extra lives every three experience levels.


Message History

The vine drags the skeletal warrior backwards!
Your snaplasher vine grabs the skeletal warrior.
Your snaplasher vine hits the skeletal warrior but does no damage.
Your snaplasher vine constricts the skeletal warrior.
Your warg bites the skeletal warrior!
Unknown command.
The skeletal warrior struggles to escape constriction.
Your snaplasher vine loses its grip on the skeletal warrior.
The vine drags the skeletal warrior backwards!
Your snaplasher vine grabs the skeletal warrior.
Your snaplasher vine barely misses the skeletal warrior.
Your snaplasher vine constricts the skeletal warrior.
Your dryad disappears in a puff of smoke!
Your snaplasher vine loses its grip on the skeletal warrior.
The vines fall limply to the ground.
Your warg barely misses the skeletal warrior.
Your mana viper bites the skeletal warrior.
Your warg bites the skeletal warrior but does no damage.
Space becomes stable.
Your mana viper bites the skeletal warrior but does no damage.
Casting: Call Canine Familiar (safe; 1% risk of failure)
Confirm with . or Enter, or press ? or * to list all spells.
A forested plane collides here with a resounding crunch!
Your dryad calls out to the forest.
The forest starts to sway and rumble!
The skeletal warrior hits you with a +0 mace!
A tree reaches out and hits the skeletal warrior!
The skeletal warrior hits you with a +0 mace!
Your mana viper bites the skeletal warrior.
You swap places.
Your mana viper disappears in a puff of smoke!
Your dryad hits the skeletal warrior but does no damage.
Your warg closely misses the skeletal warrior.
The skeletal warrior completely misses your dryad.
Trunks creak and shift.
Your warg disappears in a puff of smoke!
Your dryad closely misses the skeletal warrior.
The skeletal warrior hits your dryad with a +0 mace!
The skeletal warrior hits you from afar with a +0 halberd!!
You die...

####...###
#.................
#.................
#.......#####.....
#.....♣.♣ #.....
#...).§♣# #.....
#!..)...# #.....
♣..z....♣ #.....
#@......# #.....
♣...§§).# #.....
#..Rz...# #.....
♣.......# #.....
#....)..# #.....
#.......# #.....
#.....♣.# #.....
♣..♣♣#............
#..# #.........###


You could see 2 skeletal warriors and a friendly dryad (summoned).

Vanquished Creatures
  A skyshark (Lair:4)
  A troll (Orc:2)
  A blink frog (Lair:3)
  A yak (Lair:3)
  A fire bat (Volcano)
  A kobold brigand (D:6)
  2 bullfrogs
  A howler monkey (D:6)
  An orc wizard (D:6)
  An adder (D:6)
  5 orcs
  4 bats
  5 endoplasms
  A giant cockroach (D:2)
  3 goblins
  3 hobgoblins
  A kobold (D:6)
  9 ball pythons
  A kobold zombie (Ossuary)
  A rat (D:1)
44 creatures vanquished.

Vanquished Creatures (collateral kills)
  2 fire dragons
  5 hydras
  A centaur warrior (D:12)
  3 boulder beetles
  2 two-headed ogres
  2 death yaks (Lair:5)
  4 orc high priests (Orc:2)
  Nergalle (D:10)
  A hell knight (Volcano)
  3 skeletal warriors (D:13)
  A swamp dragon (Lair:5)
  3 orc knights
  2 cyclopes (D:12)
  3 ugly things
  3 orc sorcerers
  A manticore (Lair:3)
  4 oklob plants (Lair:1)
  18 elephants
  Maurice (Orc:2)
  3 black mambas
  A smoke demon (Volcano)
  10 cane toads
  3 gargoyles
  Maggie (D:6)
  A kobold demonologist (D:12)
  2 rime drakes (Lair:5)
  5 komodo dragons
  5 trolls
  11 polar bears (Lair:5)
  A red devil (Volcano)
  A tarantella (Lair:3)
  2 hornets
  A wind drake (Lair:3)
  11 blink frogs
  6 dream sheep (Lair:5)
  2 raiju (Lair:5)
  6 slime creatures (D:12)
  3 shadows
  25 yaks
  5 wyverns
  Sigmund (D:5)
  3 wraiths
  4 basilisks
  5 fire bats (Volcano)
  2 steam dragons (Lair:5)
  Eustachio (D:5)
  3 vampire mosquitoes (D:11)
  10 wargs
  5 acid dragons
  16 water moccasins
  14 hell hounds
  A swamp drake (Lair:5)
  19 orc warriors
  An ice beast (D:5)
  A sky beast (D:8)
  5 ogres
  11 black bears (Lair:5)
  5 centaurs
  28 wolves
  2 phantoms
  A kobold brigand (D:6)
  Blork the orc (D:5)
  9 bullfrogs
  An elf zombie (Ossuary)
  A gnoll sergeant (D:11)
  5 scorpions
  3 wights (D:8)
  5 killer bees
  3 nameless horrors
  8 electric eels
  2 howler monkeys
  9 lava snakes (Volcano)
  A centaur zombie (Ossuary)
  35 orc priests
  9 hounds
  A jelly (D:6)
  2 gnoll boudas
  A sleepcap (D:6)
  4 iguanas
  33 orc wizards
  A mummy (Ossuary)
  5 adders
  8 gnolls
  A shadow imp (D:6)
  4 white imps
  An adder zombie (Ossuary)
  A worm (D:2)
  3 dart slugs
  66 orcs
  4 endoplasms
  A giant cockroach (D:2)
  7 goblins
  4 hobgoblins
  4 jackals (D:1)
  A quokka (D:4)
  3 ball pythons
  2 frilled lizards
  4 hobgoblin zombies (Ossuary)
  A jackal zombie (Ossuary)
  10 kobolds
  8 kobold zombies (Ossuary)
  9 orc zombies (Ossuary)
  6 rats
  5 butterflies
595 creatures vanquished.

Vanquished Creatures (others)
  A death yak (Lair:5)
  A black mamba (Lair:5)
  An elephant (Lair:5)
  A troll (D:10)
  3 yaks
  An acid dragon (Lair:5)
  An orc warrior (Orc:2)
  A wolf (D:10)
  An ogre (Orc:2)
  2 centaurs
  A killer bee (D:10)
  A centaur zombie (Ossuary)
  A human zombie (Ossuary)
  An orc priest (Orc:2)
  A mummy (Ossuary)
  2 gnolls (D:8)
  An adder zombie (Ossuary)
  2 goblin zombies (Ossuary)
  2 hobgoblin zombies (Ossuary)
  2 kobold zombies (Ossuary)
  An orc zombie (Ossuary)
  27 fungi
  118 plants
  11 snaplasher vines
184 creatures vanquished.

Grand Total: 823 creatures vanquished

Notes
Turn   | Place    | Note
-------+----------+-------------------------------------------
     0 | D:1      | Chudface the Felid Summoner began the quest for the Orb.
     0 | D:1      | Reached XP level 1. HP: 7/7 MP: 4/4
   300 | D:1      | Reached XP level 2. HP: 11/11 MP: 6/6
   306 | D:1      | Learned a level 2 spell: Call Imp
   634 | D:1      | Reached skill level 1 in Hexes
   721 | D:1      | Reached XP level 3. HP: 14/14 MP: 3/7
   725 | D:1      | Learned a level 3 spell: Call Canine Familiar
   893 | D:2      | Found Wingi's Weapon Emporium.
  1354 | D:2      | Found a faded altar of an unknown god.
  1470 | D:2      | Reached XP level 4. HP: 18/18 MP: 3/9
  1575 | D:3      | Got the Precepts of Grounded Blows
  1816 | D:3      | Identified the +3 scale mail "Quoxuril" {Str+2 Dex+4}
  1950 | D:4      | Reached skill level 5 in Summonings
  2090 | D:4      | Reached XP level 5. HP: 21/21 MP: 6/10
  2121 | D:4      | Learned a level 3 spell: Summon Guardian Golem
  2218 | D:5      | Entered Level 5 of the Dungeon
  2244 | D:5      | Noticed an ice beast
  2410 | D:5      | Noticed Sigmund
  2474 | D:4      | You fall into a shaft and drop 3 floors!
  2498 | D:7      | Found a staircase to the Ecumenical Temple.
  2556 | D:6      | Noticed Maggie
  2642 | D:6      | Reached skill level 6 in Summonings
  2642 | D:6      | Gained mutation: You are covered in thick fur. (AC +2)
                  | [Felid growth]
  2642 | D:6      | Reached XP level 6. HP: 19/24 MP: 5/11
  2743 | D:6      | Found a radiant altar of Vehumet.
  2849 | D:6      | Reached skill level 7 in Summonings
  2867 | D:6      | Reached XP level 7. HP: 7/27 MP: 7/12
  2868 | D:6      | Killed from afar by an orc priest
  2869 | D:6      | Reached XP level 6. HP: 0/24 MP: 7/11
  3007 | D:6      | Reached skill level 8 in Summonings
  3066 | D:6      | Killed Maggie
  3067 | D:6      | Reached skill level 9 in Summonings
  3067 | D:6      | Reached XP level 7. HP: 9/27 MP: 12/12
  3163 | D:6      | Found a sand-covered staircase.
  3173 | Ossuary  | Entered an ossuary
  3376 | Ossuary  | Reached skill level 5 in Hexes
  3663 | D:5      | Killed Sigmund
  3664 | D:5      | Reached XP level 8. HP: 25/31 MP: 5/14
  3670 | D:5      | Learned a level 5 spell: Summon Mana Viper
  3698 | D:5      | Found a hide-covered altar of Uskayaw.
  3839 | D:5      | Noticed Eustachio
  3857 | D:5      | Found a sparkling altar of Nemelex Xobeh.
  3869 | D:5      | Killed Eustachio
  3930 | D:5      | Found a shimmering blue altar of Sif Muna.
  3938 | D:5      | Became a worshipper of Sif Muna the Loreminder
  4049 | D:5      | Noticed Blork the orc
  4059 | D:5      | Killed Blork the orc
  4060 | D:5      | Reached skill level 10 in Hexes
  4068 | D:5      | Found a broken altar of Ashenzari.
  4068 | D:5      | Found an ancient bone altar of Kikubaaqudgha.
  4653 | D:7      | Noticed a hornet
  4759 | D:6      | Upgraded the game from 0.30-a0-1116-gebefce21f7 to
                  | 0.30-a0-1123-gabc949cf19
  4811 | D:7      | Killed a hornet
  4812 | D:7      | Reached skill level 5 in Spellcasting
  4812 | D:7      | Reached XP level 9. HP: 34/34 MP: 2/17
  4822 | Temple   | Entered the Ecumenical Temple
  4889 | D:7      | Found a hazy altar of Hepliaklqana.
  4994 | D:7      | Reached * piety under Sif Muna
  5100 | D:7      | Reached skill level 10 in Summonings
  5104 | D:7      | HP: 1/34 [electric eel/bolt of electricity (7)]
  5580 | D:8      | Learned a level 5 spell: Summon Forest
  5905 | D:9      | Reached skill level 5 in Translocations
  6011 | D:9      | Reached ** piety under Sif Muna
  6031 | D:9      | Reached XP level 10. HP: 37/37 MP: 7/20
  6188 | D:8      | Found a blossoming altar of Fedhas.
  6278 | D:9      | Found a transporter.
  6279 | D:9      | Noticed a wizard
  6298 | D:9      | Noticed jimonade's ghost (novice BaBr)
  6316 | D:9      | Found a transporter.
  6528 | D:10     | Entered Level 10 of the Dungeon
  7191 | D:10     | Reached skill level 11 in Summonings
  7282 | D:10     | Reached skill level 1 in Invocations
  7343 | D:10     | Noticed Nergalle
  7379 | D:10     | Killed Nergalle
  7421 | D:10     | Found a staircase to the Lair.
  8156 | D:7      | HP: 1/37 [electric eel/bolt of electricity (14)]
  8615 | Lair:1   | Entered Level 1 of the Lair of Beasts
  8639 | Lair:1   | Noticed a cane toad
  8649 | Lair:1   | Killed a cane toad
  8717 | Lair:1   | Found an opulent altar of Gozag.
  9013 | Lair:3   | Reached XP level 11. HP: 12/40 MP: 2/22
  9138 | Lair:3   | Found a staircase to the Shoals.
  9207 | Lair:3   | Reached *** piety under Sif Muna
  9208 | Lair:3   | Reached skill level 10 in Translocations
  9210 | Lair:3   | Reached skill level 1 in Fighting
  9263 | Lair:3   | Noticed a seven-headed hydra
  9277 | Lair:3   | Upgraded the game from 0.30-a0-1123-gabc949cf19 to
                  | 0.30-a0-1157-g2cc9ac7196
  9282 | Lair:3   | Found a dark tunnel.
  9287 | Volcano  | Entered a volcano
  9817 | Volcano  | Noticed a red ugly thing
  9828 | Volcano  | Noticed a hell knight
  9926 | Volcano  | Killed a red ugly thing
  9950 | Volcano  | Reached skill level 1 in Evocations
 10189 | Volcano  | Killed from afar by a hell knight
 10190 | Volcano  | Reached XP level 10. HP: -1/42 MP: 11/21
 10209 | Volcano  | Killed a hell knight
 10268 | Volcano  | Found a bloodstained altar of Trog.
 10302 | Lair:3   | Killed an elephant
 10357 | Lair:3   | Identified the +5 battleaxe of Circular Logic {antimagic,
                  | Str+3}
 10512 | Lair:3   | Killed an elephant
 10526 | Lair:3   | Killed a seven-headed hydra
 10527 | Lair:3   | Reached XP level 11. HP: 26/46 MP: 2/22
 10660 | Lair:3   | Found a hole to the Spider Nest.
 10684 | Lair:4   | Reached skill level 5 in Invocations
 10767 | Lair:5   | Entered Level 5 of the Lair of Beasts
 10775 | Lair:5   | Noticed a boulder beetle
 10897 | Lair:3   | Noticed a six-headed hydra
 10910 | Lair:3   | Reached skill level 12 in Summonings
 10938 | Lair:3   | Killed a six-headed hydra
 11140 | Lair:3   | Reached skill level 5 in Fighting
 11274 | Lair:4   | Reached **** piety under Sif Muna
 11289 | Lair:4   | Found a viscous altar of Jiyva.
 11289 | Lair:4   | Found a staircase to the Slime Pits.
 11637 | Lair:4   | Noticed a seven-headed hydra
 11642 | Lair:4   | Killed a seven-headed hydra
 11828 | Lair:5   | Gained mutation: Your thick and shaggy fur keeps you warm.
                  | (AC +3, rC+) [Felid growth]
 11828 | Lair:5   | Reached XP level 12. HP: 48/52 MP: 6/23
 11982 | Lair:5   | Noticed a seven-headed hydra
 12278 | Lair:5   | Reached skill level 13 in Summonings
 12337 | Lair:5   | Learned a level 6 spell: Summon Cactus Giant
 12369 | Lair:5   | Killed a boulder beetle
 12693 | Lair:5   | Killed a seven-headed hydra
 12864 | Lair:5   | Noticed a death yak
 12867 | Lair:5   | Noticed a death yak
 12873 | Lair:5   | Noticed a death yak
 13000 | Lair:5   | Reached ***** piety under Sif Muna
 13004 | Lair:5   | Killed a death yak
 13006 | Lair:5   | Killed a death yak
 13010 | Lair:5   | Killed a death yak
 13011 | Lair:5   | Reached skill level 14 in Summonings
 13063 | Lair:5   | Reached XP level 13. HP: 55/55 MP: 12/26
 13184 | Lair:5   | Found a glowing silver altar of Zin.
 13399 | Lair:5   | Received a gift from Sif Muna
 13577 | Lair:5   | Reached skill level 15 in Summonings
 13802 | Lair:5   | Identified the +1 great sword "Wuaweafa" {heavy, Fragile
                  | rC+ rN+ Stlth+}
 13825 | Lair:5   | Reached skill level 5 in Stealth
 13980 | Lair:5   | Reached skill level 5 in Dodging
 13980 | Lair:5   | Received a gift from Sif Muna
 13981 | Lair:5   | Got Sif Muna's Monograph on the Entourage and Imprecation
                  | {god gift}
 14284 | Lair:5   | Noticed a fire dragon
 14294 | Lair:5   | Killed a fire dragon
 14665 | Lair:1   | Reached skill level 10 in Invocations
 14670 | Lair:1   | Reached skill level 5 in Evocations
 16015 | D:11     | Reached XP level 14. HP: 64/64 MP: 8/27
 16388 | D:11     | Found a staircase to the Orcish Mines.
 16527 | Orc:1    | Entered Level 1 of the Orcish Mines
 16593 | Orc:1    | Reached skill level 10 in Fighting
 16733 | Orc:2    | Entered Level 2 of the Orcish Mines
 16742 | Orc:2    | Received a gift from Sif Muna
 16750 | Orc:2    | Got Sif Muna's Compendium of Malediction and Topology {god
                  | gift}
 17544 | Orc:2    | Found a staircase to the Elven Halls.
 17578 | Orc:2    | Reached ****** piety under Sif Muna
 17580 | Orc:2    | Noticed Maurice
 17585 | Orc:2    | Killed Maurice
 17611 | Orc:2    | Received a gift from Sif Muna
 17614 | Orc:2    | Got Sif Muna's Secrets of Unfortunate Peregrination {god
                  | gift}
 17618 | Orc:2    | Learned a level 2 spell: Blink
 17957 | Orc:2    | Mangled by an orc high priest
 17958 | Orc:2    | Reached XP level 13. HP: -6/61 MP: 0/26
 18171 | Orc:2    | Found Xiamael's Magic Scroll Shoppe.
 18171 | Orc:2    | Found Kufuk's Assorted Antiques.
 18171 | Orc:2    | Found Ytruet's Armour Emporium.
 18174 | Orc:2    | Found Vassie's Weapon Shoppe.
 18188 | Orc:2    | Bought a scroll of fear for 56 gold pieces
 18188 | Orc:2    | Bought a scroll of immolation for 56 gold pieces
 18188 | Orc:2    | Bought a scroll of identify for 28 gold pieces
 18188 | Orc:2    | Bought a scroll of identify for 28 gold pieces
 18188 | Orc:2    | Bought a scroll of identify for 28 gold pieces
 18190 | Orc:2    | Bought a scroll labelled NEECKE HYTOUT for 29 gold pieces
 18192 | Orc:2    | Bought a scroll of silence for 133 gold pieces
 18198 | Orc:2    | Bought a scroll of identify for 58 gold pieces
 18198 | Orc:2    | Bought a scroll of fog for 116 gold pieces
 18198 | Orc:2    | Bought a scroll of fear for 116 gold pieces
 18430 | D:12     | Noticed a fire dragon
 18924 | D:12     | Killed a fire dragon
 19153 | D:12     | Identified the amulet of Yredelemnul's Regard {Faith rF-
                  | Str+3 Slay+3}
 19615 | D:13     | Identified a scroll of acquirement
 19616 | D:13     | Acquired the amulet "Qinenun" {RegenMP rPois rF+ Str-4
                  | Stlth+}
 19896 | D:13     | Identified the +8 morningstar of Okawaru's Grace {heavy,
                  | rElec rN+ Int+7 Dex-4}
 20127 | D:13     | Shot with an arrow by a centaur warrior
 20128 | D:13     | Reached XP level 12. HP: -7/55 MP: 11/25
 20143 | D:13     | Reached skill level 10 in Stealth
 20162 | D:13     | Slain by a skeletal warrior

Illustrated notes

Levels and vault maps discovered:
D:1:      kennysheep_arrival_forest, layout_basic, minmay_misc_feat_nine_boxes
D:2:      layout_loops_ring, serial_shops, shop, shapermc_ecumenical_altar_venn,
          hangedman_abyss_or_decor_lesser_grid
D:3:      layout_basic
D:4:      layout_loops_corners, glass_columns_a
D:5:      layout_cave_pools, nicolae_uskayaw_dance_hall,
          mainiacjoe_overflow_tiny_flanked, led_sif_pool,
          gammafunk_temple_overflow_elements, minmay_small_thing,
          uniq_eustachio, uniq_sigmund, uniq_blork_the_orc
D:6:      layout_rooms, mainiacjoe_overflow_cross_hatched, enter_ossuary_5,
          chequers_serial_rivers_room_b, kennysheep_nub, uniq_maggie
D:7:      nicolae_cairo_tiling_large_dashed, layout_cave_pools,
          marbit_many_paths, minmay_temple_entry_proselytizer,
          serial_bayou_lake_a
D:8:      layout_basic, overflow_temple_1_default
D:9:      layout_basic, nzn_ghost_randoct, small_statue_intersection,
          minivault_14, minmay_door_square
D:10:     layout_loops_corners, erik_lair_island, minmay_misc_feat_room,
          uniq_nergalle
D:11:     layout_long_grid, erik_orc_4, mrwooster_statue_mirror,
          minmay_misc_feat_more_columns, columned_hall_lemuel
D:12:     layout_basic, serial_park_tiny_1, hangedman_corner_corridor
D:13:     layout_long_grid, small_chamber_with_monster,
          hangedman_abyss_or_decor_slice
D:14:     minmay_tile_spiral, layout_rooms, david_vaults_5, uniq_josephine
Temple:   zaba_magenta_temple
Lair:1:   minmay_lair_oklob_tunnel, layout_big_grid, basic_altar,
          chequers_serial_rivers_small_3
Lair:2:   layout_loops_ring, lemuel_fruit_fields, infiniplex_staircase_pool
Lair:3:   layout_cave_pods, minmay_shoals_entry_beasts,
          spider_nest_entry_rubble, enter_volcano_1, grunt_megastairs_5
Lair:4:   layout_small_grid, slime_entry_1
Lair:5:   hangedman_lair_caniforms_friends, layout_small_grid,
          guppyfry_lair_end_dragon, basic_altar, grunt_megastairs_3,
          infiniplex_staircase_pool_2, lemuel_fruit_fields, lemuel_fruit_fields
Orc:1:    layout_diamond_mine
Orc:2:    st_orc_mages, layout_caves, uniq_maurice

Skill      XL: |  1  2  3  4  5  6  7  8  9 10 11 12 13 14 |
---------------+-------------------------------------------+-----
Hexes          | 1 2 3 4 7 11 12 13 | 13.1
Summonings     | 5 6 9 10 11 12 14 15 | 15.0
Spellcasting   | 3 5 6 7 8 |  8.0
Translocations | 5 8 11 | 11.0
Invocations    | 3 7 9 10 | 10.0
Fighting       | 4 6 9 10 | 10.0
Dodging        | 4 3 9 7 |  9.9
Stealth        | 4 3 10 9 7 | 10.0
Evocations     | 2 3 5 |  5.0

Action                     |  1- 3 |  4- 6 |  7- 9 | 10-12 | 13-15 || total
---------------------------+-------+-------+-------+-------+-------++-------
  Melee: Unarmed           |    59 |    45 |    70 |    83 |   140 ||   397
         Bite              |    11 |     4 |     8 |    18 |    22 ||    63
         Punch             |     3 |       |     2 |     2 |     2 ||     9
   Cast: Summon Small Mamm |    33 |    18 |    21 |     1 |       ||    73
         Call Imp          |    17 |    15 |    18 |     9 |     2 ||    61
         Call Canine Famil |       |    15 |    30 |    71 |    32 ||   148
         Summon Guardian G |       |     3 |    20 |    34 |    20 ||    77
         Summon Mana Viper |       |       |     7 |    65 |    63 ||   135
         Summon Forest     |       |       |       |    23 |    49 ||    72
         Summon Cactus Gia |       |       |       |     2 |    24 ||    26
 Invoke: Channel Magic     |       |       |       |     1 |     1 ||     2
  Evoke: Wand              |       |       |       |     2 |       ||     2
    Use: Scroll            |       |     3 |     3 |     7 |    10 ||    23
         Potion            |       |     5 |       |     3 |     1 ||     9
   Stab: Sleeping          |     6 |     4 |     4 |       |     1 ||    15
         Distracted        |     1 |     2 |       |       |     1 ||     4
 Armour: Skin              |     1 |     4 |     6 |    28 |    14 ||    53
  Dodge: Dodged            |    50 |    30 |    77 |   176 |   231 ||   564

Table legend: (Time is in decaauts)
 A = Elapsed time spent in this place.
 B = Non-inter-level travel time spent in this place.
 C = Inter-level travel time spent in this place.
 D = Time resting spent in this place.
 E = Time spent auto-exploring this place.
 F = Levels seen in this place.
 G = Mean time per level.
                   A        B        C        D        E       F      G
               +--------+--------+--------+--------+--------+-----+--------+
         Total |  17475 |  15398 |   2077 |   3021 |    255 |  24 |  728.1 |
       Dungeon |   9290 |   8131 |   1159 |   1083 |    131 |  14 |  663.6 |
        Temple |      1 |      1 |      0 |      0 |      0 |   1 |    1.0 |
          Lair |   5465 |   4704 |    761 |   1238 |    108 |   5 | 1093.0 |
  Orcish Mines |   1537 |   1381 |    156 |    364 |     15 |   2 |  768.5 |
       Ossuary |    278 |    278 |      0 |     10 |      0 |   1 |  278.0 |
       Volcano |    902 |    902 |      0 |    326 |      0 |   1 |  902.0 |
               +--------+--------+--------+--------+--------+-----+--------+

Top non-repeatable levels by time:
  Lair:5: 2114 daAuts
    D:10: 1278 daAuts
     D:7: 1217 daAuts
   Orc:2: 1094 daAuts
  Lair:3: 1024 daAuts
  Lair:4: 979 daAuts
    D:12: 920 daAuts
 Volcano: 902 daAuts
     D:4: 869 daAuts
     D:6: 854 daAuts
  Lair:2: 716 daAuts
    D:11: 679 daAuts
     D:2: 654 daAuts
  Lair:1: 630 daAuts
     D:1: 618 daAuts
